 Dungeon Crawl Stone Soup version 0.23.0 (webtiles) character file.

Game seed: 3068499951089540539

114758 syranez the Eclecticist (level 16, 0/144 HPs)
             Began as a Deep Elf Earth Elementalist on Feb 14, 2019.
             Was the Champion of Vehumet.
             Slain by a ghost moth (9 damage)
             ... on level 2 of the Spider Nest on Feb 15, 2019.
             The game lasted 02:33:00 (49040 turns).

syranez the Eclecticist (DEEE)                     Turns: 49040, Time: 02:33:00

Health: 0/144      AC: 11    Str:  9 (14) XL:     16   Next: 17%
Magic:  0/38       EV: 20    Int: 23 (26) God:    Vehumet [******]
Gold:   413        SH:  8    Dex: 13 (18) Spells: 10/47 levels left

rFire    + . .     SeeInvis .   S - +6 hand axe of Midwinter {speed, -Tele rC++}
rCold    + + .     Gourm    .   I - +3 buckler
rNeg     . . .     Faith    .   q - +0 leather armour {rPois}
rPois    +         Spirit   .   l - +2 helmet
rElec    .         Reflect  .   (no cloak)
rCorr    .         Harm     .   n - +1 pair of gloves
MR       ++...     NoTele   +   i - +0 pair of boots "Puaj" {MR+ Str+4} (curse)
Stlth    ..........             f - amulet of the acrobat
HPRegen  0.34/turn              T - ring of protection from fire
MPRegen  0.26/turn              y - +3 ring of dexterity

@: berserking (expiring), lethally poisoned (0 -> -53), very quick
A: talons 1, yellow scales 1, blink, sense surroundings 1, robust 1, weak 1
a: Blink, Renounce Religion


You were on level 2 of the Spider Nest.
You worshipped Vehumet.
Vehumet was exalted by your worship.
You were not hungry.

You visited 5 branches of the dungeon, and saw 27 of its levels.
You also visited: Ossuary.

You collected 2349 gold pieces.
You spent 1936 gold pieces at shops.

Inventory:

Hand Weapons
 J - a +4 scimitar of flaming
 S - the +6 hand axe of Midwinter (weapon) {speed, -Tele rC++}
   (You found it on level 1 of the Spider Nest)

   Attacks with this weapon are significantly faster.
   It greatly protects you from cold.
   It prevents most forms of teleportation.
 X - a +1 rapier of protection
Missiles
 b - 62 stones
 r - 2 throwing nets (quivered)
Armour
 i - the cursed +0 pair of boots "Puaj" (worn) {MR+ Str+4}
   (You bought it in a shop on level 2 of the Orcish Mines)

   It affects your strength (+4).
   It affects your resistance to hostile enchantments.
   It has a curse placed upon it.
 l - a +2 helmet (worn)
 n - a +1 pair of gloves (worn)
 q - a +0 leather armour of poison resistance (worn)
 H - a +4 ring mail
 I - a +3 buckler (worn)
 U - the +1 robe "Pinwabich" {rF+ Str+3 Dex+4}
   (You found it on level 2 of the Lair of Beasts)

   It affects your strength (+3).
   It affects your dexterity (+4).
   It protects you from fire.
Magical Staves
 x - an uncursed staff of wizardry
 z - an uncursed staff of earth
 G - an uncursed staff of air
Jewellery
 f - an amulet of the acrobat (around neck)
 y - a +3 ring of dexterity (right hand)
 T - a ring of protection from fire (left hand)
Wands
 C - a wand of iceblast (15)
 D - a wand of polymorph (7)
 F - a wand of clouds (7)
 M - a wand of enslavement (22)
 P - a wand of acid (18)
 V - a wand of flame (16)
Scrolls
 a - 8 scrolls of teleportation
 c - a scroll of torment {unknown}
 g - 8 scrolls of blinking
 h - 6 scrolls of remove curse
 m - 11 scrolls of enchant armour
 t - 7 scrolls of enchant weapon
 B - 2 scrolls of immolation
 E - a scroll of magic mapping
 O - 3 scrolls of fog
 W - a scroll of brand weapon
Potions
 e - 2 potions of haste
 j - 2 potions of invisibility
 o - 11 potions of curing
 p - 3 potions of agility
 s - 2 potions of flight
 u - 3 potions of magic
 v - 4 potions of lignification
 w - 7 potions of brilliance
 L - 3 potions of heal wounds
 Q - 6 potions of might
 R - 3 potions of cancellation
 Z - 2 potions of ambrosia
Miscellaneous
 A - a lamp of fire
 Y - a crystal ball of energy
Comestibles
 d - 62 rations


   Skills:
 - Level 6.0 Fighting
 + Level 14.9 Dodging
 - Level 12.0 Stealth
 - Level 4.0 Shields
 + Level 16.2 Spellcasting
 + Level 8.2 Conjurations
 - Level 2.0 Charms
 + Level 8.2 Summonings
 - Level 2.0 Necromancy
   Level 1.1 Transmutations
 - Level 4.0 Fire Magic
 - Level 2.0 Ice Magic
 - Level 5.0 Air Magic
 + Level 16.0 Earth Magic
 - Level 3.0 Poison Magic


You had 10 spell levels left.
You knew the following spells:

 Your Spells              Type           Power        Failure   Level  Hunger
a - Freezing Cloud        Conj/Ice/Air   #####.....   21%         6    ####...
b - Stone Arrow           Conj/Erth      ######       1%          3    None
c - Lee's Rapid Deconstr  Erth           #######...   1%          5    ##.....
d - Summon Lightning Spi  Summ/Air       #####...     2%          4    None
e - Iron Shot             Conj/Erth      ######....   1%          6    ####...
f - Olgreb's Toxic Radia  Pois           ####....     3%          4    None
g - Regeneration          Chrm/Necr      ####......   5%          3    None
h - Fireball              Conj/Fire      #####.....   2%          5    ##.....
i - Summon Butterflies    Summ           ######..     1%          1    None

Your spell library contained the following spells:

 Spells                   Type           Power        Failure   Level  Hunger
 Conjure Ball Lightning   Conj/Air       #####.....   11%         6    ####...
 Sandblast                Erth           ######       0%          1    None
 Freeze                   Ice            ####         1%          1    None
 Infusion                 Chrm           ####         1%          1    None
 Magic Dart               Conj           ####         1%          1    None
 Pain                     Necr           ####         1%          1    None
 Shock                    Conj/Air       ####         1%          1    None
 Sting                    Conj/Pois      ####         1%          1    None
 Summon Small Mammal      Summ           ####         1%          1    None
 Call Imp                 Summ           ######..     1%          2    None
 Passwall                 Tmut/Erth      ######..     1%          2    None
 Poisonous Vapours        Pois/Air       #####.       1%          2    None
 Searing Ray              Conj           ######       1%          2    None
 Throw Frost              Conj/Ice       #####.       1%          2    None
 Call Canine Familiar     Summ           ######..     1%          3    None
 Conjure Flame            Conj/Fire      #####...     1%          3    None
 Dazzling Spray           Conj/Hex       #####.       1%          3    None
 Ignite Poison            Fire/Tmut/Pois ####....     1%          3    None
 Mephitic Cloud           Conj/Pois/Air  #####...     1%          3    None
 Static Discharge         Conj/Air       #####...     1%          3    None
 Iskenderun's Mystic Bla  Conj           ######..     1%          4    None
 Petrify                  Tmut/Erth      ######..     1%          4    None
 Throw Icicle             Conj/Ice       #####...     1%          4    None
 Bolt of Magma            Conj/Fire/Erth ######....   1%          5    ##.....
 Song of Slaying          Chrm           ####....     2%          2    None
 Summon Guardian Golem    Hex/Summ       #####...     2%          3    None
 Force Lance              Conj/Tloc      #####...     2%          4    None
 Fulminant Prism          Conj/Hex       #####.....   2%          4    None
 Venom Bolt               Conj/Pois      #####.....   3%          5    ##.....
 Apportation              Tloc           ###...       4%          1    None
 Shroud of Golubria       Chrm/Tloc      ###.......   4%          2    None
 Summon Ice Beast         Ice/Summ       #####...     4%          4    None
 Iskenderun's Battlesphe  Conj/Chrm      #####...     4%          5    ##.....
 Summon Demon             Summ           ######....   4%          5    ##.....
 Ozocubu's Armour         Chrm/Ice       ####....     5%          3    None
 Spectral Weapon          Hex/Chrm       ###.....     9%          3    None
 Lesser Beckoning         Tloc           ###.......   13%         3    None
 Tukima's Dance           Hex            ###.....     13%         3    None
 Bolt of Fire             Conj/Fire      #####.....   13%         6    ####...
 Bolt of Cold             Conj/Ice       #####.....   21%         6    ####...
 Orb of Destruction       Conj           ######....   30%         7    ######.
 Spellforged Servitor     Conj/Summ      ######....   30%         7    ######.
 Alistair's Intoxication  Tmut/Pois      ####....     45%         5    ##.....
 Invisibility             Hex            ###.....     100%        6    ####...
 Ring of Flames           Chrm/Fire      ####......   100%        7    ######.
 Ignition                 Fire           #####.....   100%        8    #######


Dungeon Overview and Level Annotations

Branches:
Dungeon (15/15)            Temple (1/1) D:6            Lair (6/6) D:11
  Swamp (0/4) Lair:4       Spider (3/4) Lair:2        Slime (0/5) Lair:5
    Orc (2/2) D:9             Elf (0/3) Orc:2        Vaults (0/5) D:14
 Depths (0/5) D:15

Altars:
Cheibriados
Dithmenos
Elyvilon
Fedhas
Gozag
Kikubaaqudgha
Nemelex Xobeh
Okawaru
Ru
Trog
Vehumet
Wu Jian
Xom
Yredelemnul
The Shining One
Beogh

Shops:
D:4 [   D:5 }   D:7 %   D:15 !   Orc:1 *   Orc:2 (*[?

Annotations:
D:11 3 runed translucent doors, monokles's ghost, journeyman DsWn


Innate Abilities, Weirdness & Mutations

You have sharp toenails.
You are partially covered in yellow scales. (AC +2)
You can translocate small distances at will.
You passively map a small area around you.
You are robust. (+10% HP)
You are weak. (Str -2)


Message History

* * * LOW HITPOINT WARNING * * *
You feel weakened. Something stings you!
* * * LOW HITPOINT WARNING * * *
You are lethally poisoned!
Something poisons you!
You closely miss something.
* * * LOW HITPOINT WARNING * * *
You feel very sick.
You slash something!
* * * LOW HITPOINT WARNING * * *
You feel very sick. Something hits you!
* * * LOW HITPOINT WARNING * * *
Something hits you but does no damage. Something barely misses you.
You hit something.
* * * LOW HITPOINT WARNING * * *
You feel very sick. Something hits you!
You die...

#...#........$.....#
......#...#.#........#
.........#..#..^...###
...................#
#............#.....#
#.......#..........##
^.......>..........^#
..##.^..............##
.##..#..#.......@{...#*
#...........##......#
^......#..^#.##.....# ,
. , *.#..## , , #.^##
,, * ### * , , , , , ,


There were no monsters in sight!

Vanquished Creatures
  Kirke (Lair:4)
  An orc warlord (Orc:2)
  A vault guard (D:14)
  Harold (D:8)
  8 hydras
  2 ice dragons
  Erica (D:9)
  4 centaur warriors
  9 two-headed ogres
  2 tengu warriors (D:14)
  3 orc high priests (Orc:2)
  A skeletal warrior (D:8)
  A wizard (D:15)
  4 unseen horrors
  4 orb spiders
  2 cyclopes
  2 orc sorcerers (Orc:2)
  4 ugly things
  5 orc knights
  An oklob plant (Lair:2)
  11 wolf spiders
  3 manticores
  4 black mambas
  10 elephants (Lair:5)
  6 torpor snails
  2 gargoyles
  2 molten gargoyles (Lair:3)
  8 spiny frogs
  5 komodo dragons
  A redback zombie (D:15)
  3 demonic crawlers
  A tengu conjurer (D:11)
  5 trolls
  A queen bee (Lair:1)
  3 meliai (D:15)
  9 polar bears (Lair:6)
  8 jumping spiders
  8 tyrant leeches
  2 hornets (Lair:6)
  2 raiju (Lair:6)
  16 blink frogs
  10 hippogriffs
  8 slime creatures (D:15)
  6 dream sheep
  A vampire (D:15)
  Sigmund (D:5)
  2 shadows
  22 redbacks
  53 yaks
  2 wyverns (D:8)
  3 hogs
  13 tarantellas
  2 wraiths
  2 basilisks
  Eustachio (D:5)
  4 vampire mosquitoes (D:15)
  2 hungry ghosts (D:9)
  3 swamp worms
  A soldier ant (D:11)
  8 wargs
  11 porcupines
  21 water moccasins
  13 hell hounds (Lair:6)
  11 black bears
  5 sky beasts
  36 orc warriors
  2 ice beasts
  5 phantoms
  2 eyes of draining
  15 wolves
  8 centaurs
  19 ogres
  16 crocodiles
  5 big kobolds
  3 elf zombies (Ossuary)
  Blork the orc (D:5)
  20 bullfrogs
  A wyvern zombie (D:8)
  2 troll zombies (D:9)
  5 scorpions
  37 killer bees
  7 jellies
  3 wights (D:9)
  7 crimson imps
  5 lava snakes (Lair:3)
  A bullfrog zombie (D:6)
  7 centaur zombies
  4 human zombies (Ossuary)
  11 hounds
  3 quasits
  3 bullfrog skeletons
  28 orc priests
  25 orc wizards
  A centaur skeleton (D:7)
  5 iguanas
  4 hell rats (Lair:2)
  7 worker ants
  4 ogre zombies (D:9)
  A hound zombie (D:6)
  4 mummies
  4 gnolls (D:7)
  19 adders
  4 shadow imps
  4 oozes
  2 adder skeletons
  2 worms (D:2)
  4 dart slugs
  6 leopard geckos
  94 orcs
  2 ball pythons
  2 giant cockroaches
  5 goblins
  9 hobgoblins
  23 jackals
  11 kobolds
  6 quokkas
  3 bats (D:2)
  5 frilled lizards
  3 goblin zombies
  2 hobgoblin zombies (D:9)
  5 orc skeletons (D:9)
  10 orc zombies (D:9)
  A quokka zombie (D:9)
  6 rats
  A fungus (Lair:4)
912 creatures vanquished.

Vanquished Creatures (collateral kills)
  A fire dragon (D:15)
  Josephine (Orc:1)
  2 orc high priests (Orc:2)
  Urug (Orc:1)
  A lindwurm (Lair:6)
  An oklob plant (Lair:2)
  3 wolf spiders
  2 orc knights (D:15)
  3 orc sorcerers (Orc:2)
  A manticore (D:13)
  2 ugly things (D:14)
  A torpor snail (Lair:6)
  An efreet (D:14)
  A jumping spider (Spider:1)
  A troll (Orc:1)
  A tyrant leech (D:13)
  6 hornets (Lair:6)
  A slime creature (D:15)
  A blink frog (Lair:6)
  A vampire (D:15)
  6 redbacks
  2 wraiths (Orc:1)
  4 tarantellas
  A swamp worm (D:13)
  An acid dragon (D:15)
  A warg (Orc:1)
  2 hell hounds (Lair:6)
  An ice beast (D:14)
  A black bear (Lair:6)
  6 orc warriors (Orc:2)
  A centaur (D:15)
  A wolf (Lair:6)
  2 ogres (Orc:1)
  A bullfrog (D:14)
  4 orc wizards
  5 orc priests
  6 orcs
77 creatures vanquished.

Vanquished Creatures (others)
  A bush (Lair:5)
  14 fungi
  26 plants
41 creatures vanquished.

Grand Total: 1030 creatures vanquished

Notes
Turn   | Place    | Note
-------+----------+-------------------------------------------
     0 | D:1      | syranez the Deep Elf Earth Elementalist began the quest for
                  | the Orb.
     0 | D:1      | Reached XP level 1. HP: 10/10 MP: 6/6
   218 | D:1      | Reached XP level 2. HP: 6/15 MP: 5/8
   947 | D:2      | Reached XP level 3. HP: 16/19 MP: 5/9
   984 | D:2      | Learned a level 3 spell: Stone Arrow
  1020 | D:2      | Reached skill level 3 in Stealth
  1078 | D:2      | Reached skill level 4 in Earth Magic
  1141 | D:2      | Reached skill level 3 in Dodging
  1982 | D:3      | Reached XP level 4. HP: 17/24 MP: 4/11
  2416 | D:3      | Reached skill level 1 in Conjurations
  2497 | D:3      | Found a faded altar of an unknown god.
  2814 | D:3      | Reached skill level 4 in Spellcasting
  3744 | D:4      | Noticed an ogre
  3749 | D:4      | Killed an ogre
  3749 | D:4      | Reached XP level 5. HP: 28/28 MP: 6/13
  3856 | D:4      | Found a sand-covered staircase.
  3858 | D:4      | Reached skill level 5 in Earth Magic
  3862 | Ossuary  | Entered an ossuary
  3966 | Ossuary  | Reached skill level 2 in Conjurations
  4004 | Ossuary  | Reached skill level 4 in Stealth
  4004 | Ossuary  | Reached XP level 6. HP: 9/32 MP: 0/14
  4272 | Ossuary  | Reached skill level 4 in Dodging
  4277 | Ossuary  | Gained mutation: You evolve. [potion of mutation]
  4277 | Ossuary  | Gained mutation: You have supernaturally acute eyesight.
                  | (SInv) [potion of mutation]
  4277 | Ossuary  | Gained mutation: You are occasionally teleported next to
                  | monsters. [potion of mutation]
  4277 | Ossuary  | Gained mutation: You are partially covered in yellow
                  | scales. (AC +2) [potion of mutation]
  4341 | Ossuary  | Lost mutation: You have supernaturally acute eyesight.
                  | (SInv) [potion of mutation]
  4341 | Ossuary  | Lost mutation: You evolve. [potion of mutation]
  4341 | Ossuary  | Lost mutation: You are occasionally teleported next to
                  | monsters. [potion of mutation]
  4341 | Ossuary  | Gained mutation: You tend to lose your temper in combat.
                  | [potion of mutation]
  4341 | Ossuary  | Gained mutation: Your movements are slightly less
                  | encumbered by armour. (ER -2) [potion of mutation]
  4341 | Ossuary  | Gained mutation: You have an increased reservoir of magic.
                  | (+10% MP) [potion of mutation]
  4471 | Ossuary  | Reached skill level 5 in Spellcasting
  4704 | Ossuary  | Reached skill level 6 in Earth Magic
  4704 | Ossuary  | Reached XP level 7. HP: 25/36 MP: 5/18
  5037 | Ossuary  | Reached skill level 5 in Stealth
  5398 | D:4      | Learned a level 5 spell: Lee's Rapid Deconstruction
  5426 | D:4      | Reached skill level 5 in Dodging
  6167 | D:4      | Reached skill level 6 in Spellcasting
  6167 | D:4      | Reached skill level 7 in Earth Magic
  6371 | D:4      | Found a blossoming altar of Fedhas.
  6381 | D:4      | Reached XP level 8. HP: 41/41 MP: 7/20
  6643 | D:4      | Found Dacedaim's Armour Shoppe.
  6672 | D:4      | Reached skill level 6 in Stealth
  7033 | D:5      | Entered Level 5 of the Dungeon
  7044 | D:5      | Found Rosit's Gadget Shoppe.
  7391 | D:5      | Noticed Sigmund
  7396 | D:5      | Killed Sigmund
  7687 | D:5      | Noticed Blork the orc
  7692 | D:5      | Killed Blork the orc
  8059 | D:5      | Noticed Eustachio
  8064 | D:5      | Killed Eustachio
  8064 | D:5      | Reached skill level 6 in Dodging
  8064 | D:5      | Reached skill level 7 in Spellcasting
  8064 | D:5      | Reached skill level 8 in Earth Magic
  8180 | D:6      | Lost mutation: Your movements are slightly less encumbered
                  | by armour. (ER -2) [potion of mutation]
  8180 | D:6      | Lost mutation: You tend to lose your temper in combat.
                  | [potion of mutation]
  8180 | D:6      | Lost mutation: You have an increased reservoir of magic.
                  | (+10% MP) [potion of mutation]
  8180 | D:6      | Gained mutation: You have sharp toenails. [potion of
                  | mutation]
  8180 | D:6      | Gained mutation: You passively map a small area around you.
                  | [potion of mutation]
  8180 | D:6      | Gained mutation: You are robust. (+10% HP) [potion of
                  | mutation]
  8180 | D:6      | Gained mutation: You can translocate small distances at
                  | will. [potion of mutation]
  8496 | D:6      | Reached skill level 7 in Stealth
  8819 | D:6      | Found a staircase to the Ecumenical Temple.
  8828 | Temple   | Entered the Ecumenical Temple
  8860 | Temple   | Became a worshipper of Vehumet
  8910 | D:6      | Reached XP level 9. HP: 49/49 MP: 18/22
  9193 | D:6      | Found a shimmering altar of Xom.
  9196 | D:6      | Found an iron altar of Okawaru.
  9269 | D:6      | Got a silken robe
  9280 | D:6      | Identified the +1 robe of Bitrum {*Contam rC+ Dex+3} (You
                  | found it on level 6 of the Dungeon)
  9460 | D:6      | Reached skill level 9 in Earth Magic
  9533 | D:6      | Found an opulent altar of Gozag.
 10001 | D:7      | Reached skill level 7 in Dodging
 10058 | D:7      | Found Vautoniq's Food Shop.
 10118 | D:7      | Reached skill level 8 in Spellcasting
 10292 | D:7      | Reached skill level 8 in Stealth
 10912 | D:7      | Reached * piety under Vehumet
 10912 | D:7      | Offered knowledge of Magic Dart by Vehumet.
 11293 | D:7      | Reached skill level 10 in Earth Magic
 11700 | D:7      | Found a white marble altar of Elyvilon.
 11781 | D:7      | Found a basalt altar of Yredelemnul.
 11890 | D:8      | Noticed Harold
 12048 | D:9      | Reached XP level 10. HP: 55/55 MP: 14/24
 12049 | D:9      | Reached skill level 8 in Dodging
 12049 | D:9      | Reached skill level 9 in Spellcasting
 12124 | D:8      | Killed Harold
 12124 | D:8      | Reached skill level 9 in Stealth
 12285 | D:8      | Reached skill level 11 in Earth Magic
 12343 | D:8      | Noticed a skeletal warrior
 12346 | D:8      | Killed a skeletal warrior
 12346 | D:8      | Reached ** piety under Vehumet
 12346 | D:8      | Offered knowledge of Throw Flame by Vehumet.
 12346 | D:8      | Noticed a two-headed ogre
 12367 | D:8      | Killed a two-headed ogre
 12469 | D:8      | Reached skill level 9 in Dodging
 12519 | D:8      | Identified the Tome of Supportive Sinister Arts
 12581 | D:8      | Reached skill level 10 in Spellcasting
 12671 | D:8      | Noticed a two-headed ogre
 12676 | D:8      | Killed a two-headed ogre
 12676 | D:8      | Reached skill level 10 in Stealth
 13018 | D:8      | Reached XP level 11. HP: 59/59 MP: 3/27
 13032 | D:8      | Identified the cursed +1 long sword of Tenacity {flame,
                  | Int+7}
 13187 | D:8      | Learned a level 4 spell: Summon Lightning Spire
 13481 | D:8      | Reached skill level 12 in Earth Magic
 13890 | D:8      | Found an ancient bone altar of Kikubaaqudgha.
 13891 | D:8      | Found a blossoming altar of Fedhas.
 14088 | D:9      | Noticed Erica
 14092 | D:9      | Killed Erica
 14092 | D:9      | Reached skill level 1 in Summonings
 14092 | D:9      | Reached skill level 1 in Air Magic
 14173 | D:9      | Identified the Tome of Envenoming and Combat Magic
 14365 | D:9      | Found an ornate altar of the Wu Jian Council.
 14365 | D:9      | Found a faded altar of an unknown god.
 14371 | D:9      | Found a faded altar of an unknown god.
 14393 | D:9      | Found a shadowy altar of Dithmenos.
 14394 | D:9      | Found a sparkling altar of Nemelex Xobeh.
 14555 | D:9      | Offered knowledge of Searing Ray by Vehumet.
 14803 | D:9      | Reached *** piety under Vehumet
 15181 | D:9      | Found a staircase to the Orcish Mines.
 15468 | D:9      | Offered knowledge of Olgreb's Toxic Radiance by Vehumet.
 15553 | D:9      | Reached skill level 2 in Summonings
 15787 | D:9      | Reached skill level 2 in Air Magic
 15887 | D:9      | Learned a level 6 spell: Iron Shot
 16220 | D:9      | Learned a level 4 spell: Olgreb's Toxic Radiance
 16221 | D:10     | Entered Level 10 of the Dungeon
 16317 | D:10     | Reached skill level 1 in Poison Magic
 16594 | D:10     | Reached **** piety under Vehumet
 16637 | D:10     | Reached skill level 10 in Dodging
 16907 | D:10     | Reached skill level 11 in Spellcasting
 16963 | D:10     | Noticed a green ugly thing
 16969 | D:10     | Killed a green ugly thing
 16969 | D:10     | Reached skill level 3 in Summonings
 16969 | D:10     | Reached skill level 2 in Poison Magic
 17184 | D:10     | Got a shimmering falchion
 17381 | D:11     | Reached skill level 3 in Air Magic
 17405 | D:11     | Noticed a two-headed ogre
 17417 | D:11     | Killed a two-headed ogre
 17417 | D:11     | Reached skill level 11 in Stealth
 17563 | D:11     | Offered knowledge of Irradiate by Vehumet.
 17564 | D:11     | Noticed a two-headed ogre
 17573 | D:11     | Killed a two-headed ogre
 18004 | D:11     | Killed an unseen horror
 18004 | D:11     | Reached XP level 12. HP: 64/64 MP: 13/29
 18144 | D:11     | Found a staircase to the Lair.
 18145 | D:11     | Reached skill level 4 in Summonings
 18719 | D:11     | Noticed a two-headed ogre
 18728 | D:11     | Killed a two-headed ogre
 18797 | D:11     | Found a runed translucent gate.
 18797 | D:11     | Found a runed translucent gate.
 18797 | D:11     | Found a runed translucent gate.
 18797 | D:11     | Noticed monokles's ghost (journeyman DsWn)
 18987 | D:11     | Learned a level 3 spell: Regeneration
 19014 | D:12     | Reached skill level 3 in Conjurations
 19223 | D:12     | Reached skill level 13 in Earth Magic
 20094 | D:12     | Reached skill level 12 in Spellcasting
 20096 | D:12     | Reached skill level 11 in Dodging
 20336 | D:12     | Reached ***** piety under Vehumet
 20337 | D:12     | Offered knowledge of Sticky Flame by Vehumet.
 20373 | D:12     | Noticed a two-headed hydra
 20377 | D:12     | Killed a two-headed hydra
 20377 | D:12     | Reached skill level 12 in Stealth
 20377 | D:12     | Reached skill level 4 in Conjurations
 20736 | Lair:1   | Entered Level 1 of the Lair of Beasts
 20739 | Lair:1   | Reached skill level 5 in Summonings
 21525 | Lair:1   | Noticed a seven-headed hydra
 21536 | Lair:1   | Killed a seven-headed hydra
 22411 | Lair:1   | Reached skill level 4 in Air Magic
 22451 | Lair:1   | Reached skill level 3 in Poison Magic
 22628 | Lair:1   | Reached XP level 13. HP: 69/69 MP: 26/31
 22933 | Lair:1   | Identified the +6 falchion of the Common Good {antimagic,
                  | Stlth+} (You found it on level 10 of the Dungeon)
 23067 | Lair:2   | Reached skill level 6 in Summonings
 23069 | Lair:2   | Reached skill level 1 in Charms
 23304 | Lair:2   | Reached skill level 2 in Charms
 23472 | Lair:2   | Reached skill level 1 in Necromancy
 23607 | Lair:2   | Reached skill level 13 in Spellcasting
 23765 | Lair:2   | Found a hole to the Spider Nest.
 23904 | Lair:2   | Reached skill level 2 in Necromancy
 23986 | Lair:2   | Reached skill level 12 in Dodging
 24384 | Lair:2   | Got a faintly humming robe
 24395 | Lair:2   | Identified the +1 robe "Pinwabich" {rF+ Str+3 Dex+4} (You
                  | found it on level 2 of the Lair of Beasts)
 24408 | Lair:2   | Gained mutation: You are weak. (Str -2) [mutagenic glow]
 25117 | Lair:2   | Got an ancient leather armour
 25128 | Lair:2   | Identified the +1 leather armour of Mirghur {Str+6 Int-2}
                  | (You found it on level 2 of the Lair of Beasts)
 25259 | Lair:3   | Reached skill level 14 in Earth Magic
 25629 | Lair:3   | Reached skill level 1 in Fighting
 26650 | Lair:4   | Offered knowledge of Fireball by Vehumet.
 26727 | Lair:4   | Learned a level 5 spell: Fireball
 26739 | Lair:4   | Found a staircase to the Swamp.
 26854 | Lair:4   | Reached skill level 2 in Fighting
 27003 | Lair:4   | Reached skill level 1 in Fire Magic
 27181 | Lair:4   | Noticed Kirke
 27408 | Lair:4   | Killed Kirke
 27654 | Lair:4   | Reached skill level 2 in Fire Magic
 27761 | Lair:4   | Learned a level 1 spell: Summon Butterflies
 27804 | Lair:5   | Found a staircase to the Slime Pits.
 28283 | Lair:5   | Reached skill level 14 in Spellcasting
 28398 | Lair:5   | Reached skill level 5 in Conjurations
 28579 | Lair:5   | Reached skill level 3 in Fighting
 28658 | Lair:5   | Reached XP level 14. HP: 81/81 MP: 26/34
 28731 | Lair:5   | Reached skill level 3 in Fire Magic
 28900 | Lair:5   | Reached skill level 13 in Dodging
 29669 | Lair:6   | Entered Level 6 of the Lair of Beasts
 30877 | Lair:6   | Reached skill level 4 in Fire Magic
 31157 | Lair:6   | Found a runed translucent door.
 31983 | Lair:6   | Reached skill level 4 in Fighting
 32464 | Lair:6   | Reached skill level 6 in Conjurations
 32795 | Lair:6   | Offered knowledge of Ozocubu's Refrigeration by Vehumet.
 32860 | Lair:6   | Reached skill level 7 in Summonings
 33535 | Lair:6   | Reached skill level 15 in Earth Magic
 35342 | D:13     | Reached skill level 15 in Spellcasting
 36462 | D:14     | Reached skill level 5 in Fighting
 37080 | D:14     | Reached XP level 15. HP: 90/90 MP: 20/36
 37456 | D:14     | Reached skill level 1 in Shields
 37476 | D:14     | Reached skill level 14 in Dodging
 37639 | D:14     | Found a gate to the Vaults.
 37810 | D:15     | Entered Level 15 of the Dungeon
 38814 | D:15     | Offered knowledge of Yara's Violent Unravelling by Vehumet.
 39094 | D:15     | Found a staircase to the Depths.
 39875 | D:15     | Found Ohaipime's Distillery.
 39879 | D:15     | Bought a potion of magic for 88 gold pieces
 39879 | D:15     | Bought a potion of magic for 88 gold pieces
 39879 | D:15     | Bought a potion of heal wounds for 55 gold pieces
 39879 | D:15     | Bought a potion of curing for 33 gold pieces
 39944 | D:15     | Reached skill level 2 in Shields
 40306 | Orc:1    | Entered Level 1 of the Orcish Mines
 40306 | Orc:1    | Noticed Josephine
 40314 | Orc:1    | Killed Josephine
 41333 | Orc:2    | Entered Level 2 of the Orcish Mines
 41423 | Orc:2    | Offered knowledge of Freezing Cloud by Vehumet.
 41509 | Orc:2    | Reached skill level 7 in Conjurations
 41963 | Orc:1    | Noticed Urug
 41972 | Orc:1    | Killed Urug
 41972 | Orc:1    | Reached skill level 8 in Summonings
 42122 | Orc:1    | Found Hisetargh's General Store.
 42157 | Orc:1    | Bought a scroll of blinking for 112 gold pieces
 43343 | Orc:2    | Found a roughly hewn altar of Beogh.
 43633 | Orc:2    | Reached skill level 6 in Fighting
 43736 | Orc:2    | Found Zereh's Weapon Emporium.
 43746 | Orc:2    | Found Ronn's General Store.
 43858 | Orc:2    | Bought a scroll of identify for 28 gold pieces
 44196 | Orc:2    | Found a staircase to the Elven Halls.
 44293 | Orc:2    | Reached skill level 3 in Shields
 44568 | Orc:2    | Noticed an orc warlord
 44573 | Orc:2    | Killed an orc warlord
 44932 | Orc:2    | Learned a level 6 spell: Freezing Cloud
 45353 | Orc:2    | Found Peuxosk's Armour Shop.
 45520 | Orc:2    | Reached ****** piety under Vehumet
 45524 | Orc:2    | Found Keytam's Magic Scroll Emporium.
 45534 | Orc:2    | Bought a scroll of identify for 30 gold pieces
 45534 | Orc:2    | Bought a scroll of identify for 30 gold pieces
 45593 | Orc:2    | Found a roughly hewn altar of Beogh.
 45602 | Orc:2    | Offered knowledge of Poison Arrow by Vehumet.
 45615 | Orc:2    | Reached skill level 1 in Ice Magic
 45839 | Orc:2    | Bought the cursed +0 pair of boots "Puaj" {MR+ Str+4} for
                  | 382 gold pieces
 45879 | Orc:2    | Bought a scroll of acquirement for 780 gold pieces
 45929 | Orc:2    | Bought a +2 helmet for 280 gold pieces
 45967 | Orc:2    | Bought a scroll of identify for 30 gold pieces
 46285 | Spider:1 | Entered Level 1 of the Spider Nest
 46782 | Spider:1 | Reached skill level 8 in Conjurations
 46996 | Spider:1 | Reached skill level 2 in Ice Magic
 47241 | Spider:1 | Reached skill level 16 in Spellcasting
 47364 | Spider:1 | Got a crude hand axe
 47365 | Spider:1 | Identified the +6 hand axe of Midwinter {speed, -Tele rC++}
                  | (You found it on level 1 of the Spider Nest)
 47424 | Spider:1 | Reached XP level 16. HP: 67/96 MP: 12/38
 48002 | Spider:2 | Reached skill level 4 in Shields
 48088 | Spider:2 | Reached skill level 5 in Air Magic
 48408 | Spider:2 | You fall through a shaft!
 48413 | Spider:3 | Reached skill level 16 in Earth Magic
 48912 | Spider:3 | Offered knowledge of Conjure Ball Lightning by Vehumet.
 49040 | Spider:2 | Slain by a ghost moth

Skill      XL: |  1  2  3  4  5  6  7  8  9 10 11 12 13 14 15 16 |
---------------+-------------------------------------------------+-----
Stealth        | 3 4 5 7 8 10 11 12 | 12.0
Earth Magic    | 4 5 6 7 8 10 11 12 13 14 15 16 | 16.0
Dodging        | 3 4 5 6 7 9 10 11 12 13 14 | 14.9
Conjurations   | 1 2 4 5 6 8 |  8.2
Spellcasting   | 4 5 6 7 8 10 11 12 14 15 16 | 16.2
Summonings     | 3 5 6 7 8 |  8.2
Air Magic      | 3 4 5 |  5.0
Poison Magic   | 2 3 |  3.0
Charms         | 2 |  2.0
Necromancy     | 2 |  2.0
Fighting       | 3 5 6 |  6.0
Fire Magic     | 2 4 |  4.0
Shields        | 3 4 |  4.0
Ice Magic      | 2 |  2.0
Transmutations | |  1.1

Action                   |  1- 3 |  4- 6 |  7- 9 | 10-12 | 13-15 | 16-18 || total
-------------------------+-------+-------+-------+-------+-------+-------++-------
Melee: Dagger            |     7 |    10 |       |       |     8 |       ||    25
       Flail             |       |    27 |    29 |       |       |       ||    56
       Staff             |       |       |       |     4 |    14 |     2 ||    20
       Kick              |       |       |       |     1 |     1 |       ||     2
       Falchion          |       |       |       |       |    12 |       ||    12
       Hand axe          |       |       |       |       |       |    43 ||    43
Throw: Stone             |     3 |     1 |     5 |    13 |       |       ||    22
       Throwing net      |       |       |       |       |     6 |       ||     6
 Cast: Sandblast         |    30 |    15 |    37 |    32 |       |       ||   114
       Stone Arrow       |    14 |    47 |   168 |   231 |   655 |    63 ||  1178
       Lee's Rapid Decon |       |       |    12 |    74 |    77 |       ||   163
       Olgreb's Toxic Ra |       |       |       |    78 |   268 |    19 ||   365
       Iron Shot         |       |       |       |    19 |    96 |     5 ||   120
       Summon Lightning  |       |       |       |       |    86 |     8 ||    94
       Fireball          |       |       |       |       |     7 |       ||     7
Evoke: Lamp of fire      |       |       |       |     1 |     1 |       ||     2
  Use: Potion            |       |     4 |     1 |       |     4 |     5 ||    14
       Scroll            |       |       |    11 |     3 |    16 |     3 ||    33
 Stab: Sleeping          |     5 |     1 |     3 |       |       |       ||     9
       Distracted        |       |       |       |       |     2 |       ||     2
  Eat: Chunk             |     4 |     5 |    15 |    38 |    57 |     2 ||   121
       Ration            |       |     2 |     3 |     4 |    11 |     1 ||    21
Armor: Robe              |     1 |    10 |    27 |    37 |    43 |       ||   118
       Skin              |       |     2 |       |       |       |       ||     2
       Leather armour    |       |       |       |       |     4 |    41 ||    45
Dodge: Dodged            |    13 |    38 |    90 |   135 |   374 |    89 ||   739
Block: Buckler           |       |       |       |       |   118 |    30 ||   148
       Rpst.: Falchion   |       |       |       |       |     2 |       ||     2
